 Dungeon Crawl Stone Soup version 0.24.0-123-gd5b16e6ec5 (webtiles) character file.

Game seed: 2217763421486083013, levelgen mode: deterministic

2242 Johnny the Geomancer (level 8, 0/57 HPs)
             Began as a Demigod Earth Elementalist on Feb 2, 2020.
             Shot with an arrow by a centaur (11 damage)
             ... on level 7 of the Dungeon.
             The game lasted 00:05:59 (7250 turns).

Johnny the Geomancer (Demigod Earth Elementalist)   Turns: 7250, Time: 00:06:00

Health: 0/57       AC:  7    Str: 14    XL:     8   Next: 92%
Magic:  5/23       EV: 12    Int: 27    God:
Gold:   441        SH:  0    Dex: 18    Spells: 8/21 levels left

rFire    . . .     SeeInvis .   l - +2 short sword (venom)
rCold    . . .     Gourm    .   (no shield)
rNeg     + + .     Faith    .   F - +1 leather armour of the Bull {rN++ Int+4 Dex+2 Slay+2}
rPois    .         Spirit   .   A - +0 helmet
rElec    .         Reflect  .   (no cloak)
rCorr    .         Harm     .   t - +0 pair of gloves
MR       +....                  q - +0 pair of boots
Stlth    ++........             c - amulet of regeneration
HPRegen  0.59/turn              u - ring of protection from magic
MPRegen  0.18/turn              y - +3 ring of strength

@: lethally poisoned (0 -> -1)
A: high mp 1
a: no special abilities


You were on level 7 of the Dungeon.
You were not hungry.

You visited 1 branch of the dungeon, and saw 7 of its levels.

You collected 441 gold pieces.

Inventory:

Hand Weapons
 g - a +1 dagger of venom
 l - a +2 short sword of venom (weapon)
Missiles
 b - 143 stones (quivered)
Armour
 q - a +0 pair of boots (worn)
 t - a +0 pair of gloves (worn)
 A - a +0 helmet (worn)
 E - +0 storm dragon scales
 F - the +1 leather armour of the Bull (worn) {rN++ Int+4 Dex+2 Slay+2}
   (You found it on level 7 of the Dungeon)

   It affects your intelligence (+4).
   It affects your dexterity (+2).
   It affects your accuracy and damage with ranged weapons and melee attacks
   (+2).
   It greatly protects you from negative energy.
Jewellery
 c - an amulet of regeneration (around neck)
 u - a ring of protection from magic (left hand)
 w - an uncursed ring of fire
 y - a +3 ring of strength (right hand)
 B - an uncursed ring of protection from cold {unknown}
 C - an uncursed ring of positive energy {unknown}
Wands
 G - a wand of acid (4)
 I - a wand of random effects (14)
 J - a wand of polymorph (10)
Scrolls
 a - 6 scrolls of remove curse
 e - 2 scrolls of fog {unknown}
 h - 2 scrolls of immolation {unknown}
 j - 3 scrolls of identify {unknown}
 k - 4 scrolls of teleportation {unknown}
 n - 3 scrolls of magic mapping {unknown}
 o - 2 scrolls of blinking {unknown}
 r - a scroll of random uselessness {unknown}
 x - a scroll of amnesia {unknown}
 D - a scroll of noise {unknown}
Potions
 f - a potion of haste
 i - 4 potions of curing {unknown}
 m - 2 potions of magic {unknown}
 p - a potion of lignification {unknown}
 s - a potion of cancellation {unknown}
 v - 2 potions of brilliance {unknown}
 z - a potion of resistance
Comestibles
 d - 13 rations


   Skills:
 - Level 1.7 Dodging
 - Level 1.7 Stealth
 + Level 7.4 Spellcasting
 - Level 0.8 Transmutations
 + Level 8.4 Earth Magic


You had 8 spell levels left.
You knew the following spells:

 Your Spells              Type           Power        Failure   Level  Hunger
a - Sandblast             Erth           ######       1%          1    None
b - Stone Arrow           Conj/Erth      ####..       3%          3    None
c - Lee's Rapid Deconstr  Erth           ######....   6%          5    ####...
d - Petrify               Tmut/Erth      #####...     11%         4    ##.....

Your spell library contained the following spells:

 Spells                   Type           Power        Failure   Level  Hunger
 Passwall                 Tmut/Erth      #####...     1%          2    None


Dungeon Overview and Level Annotations

Branches:
Dungeon (7/15)             Temple (0/1) D:7

Annotations:
D:3 Robin


Innate Abilities, Weirdness & Mutations

You have an increased reservoir of magic. (+10% MP)


Message History

Evoke which item? (* to show all) (? for menu, Esc to quit)
Aiming: Corrosive Bolt
Press: ? - help, Shift-Dir - straight line, f - you, p - centaur That beam is likely to hit you.
Continue anyway?
Okay, then.
Evoke which item? (* to show all) (? for menu, Esc to quit)
Aiming: Random Effects
Press: ? - help, Shift-Dir - straight line, f - centaur
Aim: a centaur, wielding a +0 shortbow (severely wounded)
The centaur seems to speed up.
The centaur shoots an arrow.
The arrow hits you.
* * * LOW HITPOINT WARNING * * *
Evoke which item? (* to show all) (? for menu, Esc to quit)
Aiming: Random Effects
Press: ? - help, Shift-Dir - straight line, f/p - centaur
Aim: a centaur, wielding a +0 shortbow (severely wounded, fast)
The centaur resists with some effort.
You feel sick.
The centaur shoots an arrow.
The arrow hits you.
* * * LOW HITPOINT WARNING * * *
The centaur shoots an arrow.
The arrow hits you!
You die...

#.............................
#.......#.................p...
#.......#....#.....#.#...###..
#.......###........ ...##.)...
###########(#.#.### .......<..
#......(.(...##...........
#......#.(.#....####..>...
#....#....)..#... #......
#..#.....@...).# #......
#....#.....).#...[ #...... #
.....#...#(.(.#. .......
................ ....####
......#.#.......
...##..c........ #
##.#........ ( ......


You could see a centaur.

Vanquished Creatures
  Pikel (D:7)
  Joseph (D:7)
  An orc warrior (D:6)
  2 slaves (D:7)
  4 ogres
  2 centaurs
  A crocodile (D:7)
  A big kobold (D:7)
  2 scorpions
  A howler monkey (D:6)
  A bullfrog zombie (D:7)
  A crimson imp (D:5)
  A hound (D:4)
  2 orc wizards
  Natasha (twice) (D:3)
  2 worker ants (D:4)
  A statue (D:6)
  12 adders
  2 oozes
  An adder skeleton (D:4)
  5 worms
  2 dart slugs
  2 leopard geckos
  10 orcs
  5 giant cockroaches
  2 gnoll zombies (D:5)
  19 goblins
  6 hobgoblins (D:3)
  8 jackals
  2 quokkas
  5 bats
  8 frilled lizards
  13 kobolds
  2 leopard gecko skeletons (D:5)
  9 rats
139 creatures vanquished.

Vanquished Creatures (others)
  A slave (D:7)
  2 sky beasts
3 creatures vanquished.

Grand Total: 142 creatures vanquished

Notes
Turn   | Place    | Note
-------+----------+-------------------------------------------
     0 | D:1      | Johnny the Demigod Earth Elementalist began the quest for
                  | the Orb.
     0 | D:1      | Reached XP level 1. HP: 14/14 MP: 5/5
   111 | D:1      | Reached skill level 3 in Earth Magic
   545 | D:1      | Reached XP level 2. HP: 15/20 MP: 2/7
  1485 | D:2      | Reached XP level 3. HP: 19/26 MP: 9/9
  2326 | D:2      | Reached XP level 4. HP: 20/33 MP: 8/11
  2679 | D:3      | Noticed Robin
  2804 | D:3      | Reached skill level 4 in Earth Magic
  2820 | D:3      | Noticed Natasha
  2832 | D:3      | Killed Natasha
  3550 | D:3      | Noticed Natasha
  3562 | D:3      | Killed Natasha
  3562 | D:3      | Reached XP level 5. HP: 9/38 MP: 11/13
  4769 | D:4      | Found a sacrificial altar of Ru.
  4864 | D:4      | Reached XP level 6. HP: 38/45 MP: 15/15
  4992 | D:4      | Found a sparkling altar of Nemelex Xobeh.
  5157 | D:5      | Entered Level 5 of the Dungeon
  5165 | D:5      | Reached skill level 5 in Earth Magic
  5243 | D:5      | Got a transparent robe
  5254 | D:5      | Identified the +0 robe "Neaqishri" {-Tele *Slow +Fly Int+6}
                  | (You found it on level 5 of the Dungeon)
  5614 | D:5      | Found a blossoming altar of Fedhas.
  5648 | D:5      | Reached XP level 7. HP: 39/50 MP: 17/17
  5910 | D:5      | Found a basalt altar of Yredelemnul.
  6171 | D:5      | Learned a level 3 spell: Stone Arrow
  6177 | D:5      | Learned a level 5 spell: Lee's Rapid Deconstruction
  6182 | D:5      | Learned a level 4 spell: Petrify
  6230 | D:6      | Reached skill level 5 in Spellcasting
  6231 | D:6      | Reached skill level 6 in Earth Magic
  6398 | D:6      | Found a glowing golden altar of the Shining One.
  6837 | D:6      | Found a radiant altar of Vehumet.
  6971 | D:7      | Found a snail-covered altar of Cheibriados.
  6984 | D:7      | Got an ichor-stained leather armour
  7001 | D:7      | Identified the +1 leather armour of the Bull {rN++ Int+4
                  | Dex+2 Slay+2} (You found it on level 7 of the Dungeon)
  7026 | D:7      | Noticed Pikel
  7028 | D:7      | Reached XP level 8. HP: 57/57 MP: 16/20
  7048 | D:7      | Killed Pikel
  7048 | D:7      | Reached skill level 7 in Earth Magic
  7147 | D:7      | Noticed Joseph
  7160 | D:7      | Killed Joseph
  7160 | D:7      | Reached skill level 8 in Earth Magic
  7232 | D:7      | Found a staircase to the Ecumenical Temple.
  7250 | D:7      | Shot with an arrow by a centaur

Levels and vault maps discovered:
D:1:      matt_arrival_refuge, layout_basic, patterned_corridor
D:2:      layout_rooms, minmay_circle_x
D:3:      corexii_shack_village, layout_basic, uniq_natasha, uniq_robin
D:4:      layout_basic, nemelex_xobeh_ov_fountains_minmay,
          nicolae_ru_great_annihilating_truth, first_ration,
          minmay_misc_feat_alley
D:5:      layout_basic, lemuel_zombie_altar_yredelemnul, lemuel_doored_altar,
          serial_park_tiny_2, minmay_misc_feat_tiny, kennysheep_generic_room_10
D:6:      layout_basic, nicolae_tso_swordbearing_angel, vehumet_statue
D:7:      layout_rooms, grunt_temple_overflow_champion_of_chaos,
          overflow_temple_1_default, minmay_temple_entry_sparse_star,
          uniq_joseph, uniq_pikel

Skill      XL: |  1  2  3  4  5  6  7  8 |
---------------+-------------------------+-----
Spellcasting   | 2 3 4 6 7 |  7.4
Earth Magic    | 3 4 5 6 8 |  8.4
Dodging        | |  1.7
Stealth        | |  1.7
Transmutations | |  0.8

Action                   |  1- 3 |  4- 6 |  7- 9 || total
-------------------------+-------+-------+-------++-------
Melee: Unarmed           |    40 |       |       ||    40
       Dagger            |    30 |       |       ||    30
       Short sword       |    28 |   108 |    60 ||   196
Throw: Stone             |       |     1 |     2 ||     3
 Cast: Sandblast         |    39 |    41 |    25 ||   105
       Lee's Rapid Decon |       |       |     9 ||     9
Evoke: Wand              |       |       |     6 ||     6
  Use: Potion            |     3 |       |       ||     3
       Scroll            |       |       |     1 ||     1
 Stab: Sleeping          |     3 |     3 |       ||     6
       Distracted        |       |     1 |       ||     1
       Invisible         |       |     1 |       ||     1
  Eat: Chunk             |     4 |    11 |     7 ||    22
Armor: Robe              |    31 |    25 |    14 ||    70
       Leather armour    |       |       |     5 ||     5
Dodge: Dodged            |    91 |    70 |    47 ||   208
